 Seeded DCSS version 0.27-a0-1060-gcb85b5eba1 (webtiles) character file.

Game seed: 20210421 (custom seed)

2 Snicker the Sneak (level 1, -1/16 HPs)
             Began as a Demonspawn Brigand on Apr 21, 2021.
             Killed from afar by a dart slug (5 damage)
             ... with a slug dart
             ... on level 1 of the Dungeon.
             The game lasted 00:00:10 (74 turns).

Snicker the Sneak (Demonspawn Brigand)                Turns: 74, Time: 00:00:11

Health: -1/16      AC:  3    Str: 11    XL:     1   Next: 25%
Magic:  1/1        EV: 11    Int: 12    God:
Gold:   0          SH:  0    Dex: 14    Spells: 0/0 levels left

rFire    . . .     SeeInvis .   a - +1 dagger (elec)
rCold    . . .     Faith    .   (no shield)
rNeg     . . .     Spirit   .   b - +0 robe
rPois    .         Reflect  .   (no helmet)
rElec    .         Harm     .   c - +0 cloak
rCorr    .         Rampage  .   (no gloves)
Will     .....                  (no boots)
Stlth    ++........             (no amulet)
HPRegen  0.05/turn              (no ring)
MPRegen  0.07/turn              (no ring)

@: no status effects
A: no striking features
a: no special abilities


You were on level 1 of the Dungeon.
You visited 1 branch of the dungeon, and saw 1 of its levels.

Inventory:

Hand Weapons
 a - a +1 dagger of electrocution (weapon)
 g - a +2 dagger
Missiles
 d - 8 poisoned darts (quivered)
 e - 2 curare-tipped darts
Armour
 b - a +0 robe (worn)
 c - a +0 cloak (worn)
Potions
 f - 2 potions of flight {unknown}


   Skills:
 + Level 2.0 Fighting
 * Level 1.9 Short Blades
 + Level 1.7 Throwing
 + Level 0.8 Dodging
 * Level 3.6 Stealth


You couldn't memorise any spells.
You didn't know any spells.
Your spell library was empty.

Dungeon Overview and Level Annotations

Branches:
Dungeon (1/15)

Altars:


Message History

Unknown command.
You see here 11 stones.
You open the door.
There is an open door here.
A goblin comes into view.
It is wielding a +1 dagger of electrocution.
You see here 14 gold pieces.
A goblin is nearby!
A goblin is nearby!
Found 3 scrolls labelled POYXZU SORIRPHU RENK.
The goblin shouts!
The goblin hits you with a +1 dagger of electrocution.
You are electrocuted!
Ouch! That really hurt!
* * * LOW HITPOINT WARNING * * *
Found a long sword and a leather armour.
Found a stone staircase leading down.
You hit the goblin.
The goblin is severely wounded.
A rat comes into view.
The goblin barely misses you.
You hit the goblin.
You kill the goblin!
A dart slug comes into view.
The rat closely misses you.
Found a scroll labelled POYXZU SORIRPHU RENK.
Things that are here:
a +1 dagger of electrocution; a goblin corpse
g - a +1 dagger of electrocution The rat closely misses you.
The rat closely misses you.
You hear the crackle of electricity.
g - a +1 dagger of electrocution (weapon)
Adjust to which letter? (? for menu, Esc to quit)
a - a +1 dagger of electrocution (weapon)
g - a +2 dagger You hit the rat.
You kill the rat!
The dart slug launches a dart at you. The slug dart hits you.
You die...

###########
#..........
#>...w.....
#...?...[..
#†.).w....
..#.##?.....
..#@# ....
..#.# .....
#+#
#.#.###.....
#.#
#.#.$....#
#.#
#.#....###
#.# #.#....#
#.###'#....#
#..........#
#...........#


You could see a dart slug.

Vanquished Creatures
  A goblin (D:1)
  A rat (D:1)
2 creatures vanquished.

Notes
Turn   | Place    | Note
-------+----------+-------------------------------------------
     0 | D:1      | Snicker the Demonspawn Brigand began the quest for the Orb.
     0 | D:1      | Reached XP level 1. HP: 16/16 MP: 1/1
    74 | D:1      | Killed from afar by a dart slug

Illustrated notes

Levels and vault maps discovered:
D:1:      dpeg_arrival_shelter, layout_basic

Action                   || total
-------------------------++-------
Melee: Dagger            ||     3
Dodge: Dodged            ||     4

Table legend: (Time is in decaauts)
 A = Elapsed time spent in this place.
 B = Non-inter-level travel time spent in this place.
 C = Inter-level travel time spent in this place.
 D = Time resting spent in this place.
 E = Time spent auto-exploring this place.
 F = Levels seen in this place.
 G = Mean time per level.
                   A        B        C        D        E       F      G
               +--------+--------+--------+--------+--------+-----+--------+
         Total |     73 |     73 |      0 |      0 |     59 |   1 |   73.0 |
       Dungeon |     73 |     73 |      0 |      0 |     59 |   1 |   73.0 |
               +--------+--------+--------+--------+--------+-----+--------+

Top non-repeatable levels by time:
     D:1: 73 daAuts
